 Dungeon Crawl Stone Soup version 0.30-a0-140-gd1020e658a (webtiles) character file.

Game seed: 5259799605101480542

4774 jlumianski the Cleaver (level 10, -2/61 HPs)
             Began as a Gargoyle Gladiator on Sept 24, 2022.
             Was a Believer of Qazlal.
             Killed by divine providence
             ... invoked by a meliai
              (13 damage)
             ... on level 8 of the Dungeon.
             The game lasted 00:31:06 (8393 turns).

jlumianski the Cleaver (Gargoyle Gladiator)         Turns: 8393, Time: 00:31:07

Health: -2/61      AC: 24    Str: 22    XL:     10   Next: 47%
Magic:  13/13      EV:  8    Int:  9    God:    Qazlal [**....]
Gold:   391        SH:  9    Dex: 23    Spells: 9/9 levels left

rFire   . . .      SeeInvis .    a - +1 war axe
rCold   . . .      Faith    .    n - +0 buckler
rNeg    + . .      Spirit   .    j - +0 plate armour
rPois   ∞          Reflect  .    h - +1 helmet
rElec   +          Harm     .    (no cloak)
rCorr   .          Rampage  .    f - +1 pair of gloves
Will    .....                    (no boots)
Stlth   ..........               (no amulet)
HPRegen 0.20/turn                k - +6 ring of dexterity
MPRegen 0.13/turn                r - +6 ring of dexterity

@: studying Throwing
A: sickness immunity, AC +7, negative energy resistance 1, electricity
resistance, torment resistance 1, petrification resistance
a: Renounce Religion, Upheaval


You were on level 8 of the Dungeon.
You worshipped Qazlal.
Qazlal was pleased with you.
You visited 2 branches of the dungeon, and saw 10 of its levels.

You collected 391 gold pieces.

Inventory:

Hand Weapons
 a - a +1 war axe (weapon)
 e - a +4 mace
Missiles
 d - 3 throwing nets
 g - 27 poisoned darts
 i - 2 silver boomerangs
 y - 8 boomerangs (quivered)
 G - 4 curare-tipped darts
 M - a javelin
Armour
 b - a +0 leather armour
 c - a +0 helmet
 f - a +1 pair of gloves (worn)
 h - a +1 helmet (worn)
 j - a +0 plate armour (worn)
 n - a +0 buckler (worn)
 p - a +0 chain mail
Jewellery
 k - a +6 ring of dexterity (left hand)
 r - a +6 ring of dexterity (right hand)
 v - a ring of protection from cold
 N - a ring of resist corrosion
Wands
 B - a wand of flame (29)
 E - a wand of mindburst (11)
 O - a wand of charming (8)
 Q - a wand of iceblast (4)
Scrolls
 o - 2 scrolls of enchant weapon
 q - a scroll of torment
 u - 3 scrolls of teleportation
 A - a scroll of butterflies
 I - 3 scrolls of blinking
 P - 2 scrolls of poison
Potions
 l - 2 potions of brilliance
 m - a potion of flight
 s - 3 potions of degeneration
 t - a potion of cancellation
 w - a potion of ambrosia
 x - a potion of magic
 z - a potion of curing {unknown}
 C - a potion of mutation {unknown}
 D - a potion of lignification
 F - a potion of might {unknown}
 H - a potion of attraction
 J - 2 potions of heal wounds
 K - a potion of berserk rage {unknown}
 L - a potion of resistance {unknown}


   Skills:
 + Level 6.5 Fighting
 + Level 8.4 Axes
 * Level 6.0 Throwing
 + Level 5.4 Armour
 + Level 3.1 Dodging
 + Level 1.9 Stealth
 + Level 4.2 Shields
 * Level 5.2 Invocations
 * Level 3.9 Evocations


You had 9 spell levels left.
You didn't know any spells.
Your spell library contained the following spells:

 Spells                   Type           Power      Damage    Failure   Level
 Ensorcelled Hibernation  Hex/Ice        0%         N/A       100%        2
 Passwall                 Tmut/Erth      0%         N/A       100%        2
 Poisonous Vapours        Pois/Air       0%         N/A       100%        2
 Scorch                   Fire           0%         2d5       100%        2
 Swiftness                Air            0%         N/A       100%        3
 Flame Wave               Conj/Fire      0%         2d4       100%        4
 Summon Cactus Giant      Summ           0%         N/A       100%        6
 Cigotuvi's Dreadful Rot  Necr/Pois/Air  Unusable   N/A       N/A         2

Dungeon Overview and Level Annotations

Branches:
Dungeon (9/15)             Temple (1/1) D:5
   Lair: D:8-11         Orc: D:9-12

Altars:
Ashenzari
Dithmenos
Elyvilon
Fedhas
Gozag
Hepliaklqana
Kikubaaqudgha
Nemelex Xobeh
Qazlal
Ru
Sif Muna
Trog
Uskayaw
Vehumet
Yredelemnul
Zin
The Shining One


Innate Abilities, Weirdness & Mutations

You are immune to sickness and miasma.
Your stone body is resilient. (AC +7)
You are immune to poison.
You resist negative energy. (rN+)
You are resistant to electric shocks. (rElec)
You are resistant to unholy torment.
You are immune to petrification.


Message History

a +0 longbow; a centaur corpse
There is a stone staircase leading down, spattered with blood here.
You climb downwards.
The meliai mumbles some strange prayers to its god against you.
Something smites you!
There is a stone staircase leading up here.
The tengu conjurer gestures wildly while chanting.
The tengu conjurer conjures a globe of magical energy!
The meliai calls down the wrath of its god upon you.
Something smites you!
A battlesphere comes into view.
The meliai mumbles some strange prayers to its god against you.
Something smites you! The meliai completely misses you.
The meliai stings you but does no damage.
The boggart casts a spell.
The meliai hits you but does no damage. You block the meliai's attack.
You climb upwards.
The battlesphere dissipates.
There is a stone staircase leading down, spattered with blood here.
You closely miss the meliai. The meliai hits you with a +0 war axe.
The meliai closely misses you. You block the meliai's attack.
The meliai stings you but does no damage.
The meliai hits you but does no damage.
The meliai stings you but does no damage.
You hit the meliai.
The meliai is moderately wounded.
You block the meliai's attack. x2; The meliai hits you but does no damage.
The meliai stings you but does no damage.
You slash the meliai!
The meliai is almost dead.
You block the meliai's attack. The meliai stings you.
The meliai hits you with a +0 war axe!
* * * LOW HITPOINT WARNING * * *
The meliai stings you.
* * * LOW HITPOINT WARNING * * *
You closely miss the meliai.
The meliai is almost dead.
The meliai mumbles some strange prayers to its god against you.
Something smites you!
You die...

#.......#......#..
#.......#......#..
#.......#......'..
#.......#......#..
#.......#......###
#.......#........#
#.......#...(....#
#.......'........#
#@y.....#........'
#########........#
#........#
#........#
#........#
#........#
########.. #.. #..


You could see a meliai.

Vanquished Creatures
  A centaur warrior (D:8)
  A two-headed ogre (D:8)
  The ghost of valliere the Insei, a novice OpTm of Gozag (D:7)
  Sigmund (D:6)
  A basilisk (D:8)
  A water moccasin (D:4)
  2 orc warriors
  3 black bears
  2 ice beasts
  3 sky beasts (D:6)
  2 kobold brigands
  3 bullfrogs
  4 scorpions
  2 necrophages (D:6)
  6 wights
  3 howler monkeys
  3 hounds
  A jelly (D:8)
  2 orc priests
  3 iguanas (D:5)
  3 orc wizards
  Robin (D:1)
  5 gnolls
  8 adders
  3 river rats (D:3)
  An ufetubus (D:5)
  4 worms (D:3)
  2 dart slugs (D:1)
  18 orcs
  8 endoplasms
  3 giant cockroaches
  17 goblins
  18 hobgoblins
  7 jackals
  16 kobolds
  7 quokkas
  6 ball pythons
  4 bats
  4 frilled lizards
  5 rats
185 creatures vanquished.

Vanquished Creatures (others)
  A fungus (D:1)
  2 plants (D:1)
3 creatures vanquished.

Grand Total: 188 creatures vanquished

Notes
Turn   | Place    | Note
-------+----------+-------------------------------------------
     0 | D:1      | jlumianski the Gargoyle Gladiator began the quest for the
                  | Orb.
     0 | D:1      | Reached XP level 1. HP: 12/12 MP: 1/1
    50 | D:1      | Reached XP level 2. HP: 11/17 MP: 2/2
   656 | D:1      | Reached skill level 3 in Axes
   656 | D:1      | Reached XP level 3. HP: 21/22 MP: 3/3
   798 | D:2      | Noticed Robin
   925 | D:1      | Reached skill level 1 in Armour
   958 | D:1      | Found a faded altar of an unknown god.
  1394 | D:1      | Reached XP level 4. HP: 19/27 MP: 4/4
  1606 | D:1      | Killed Robin
  1607 | D:1      | Reached skill level 1 in Shields
  1648 | D:3      | Found a shimmering blue altar of Sif Muna.
  2524 | D:3      | Reached XP level 5. HP: 32/32 MP: 5/5
  3110 | D:4      | Noticed a water moccasin
  3122 | D:4      | Reached skill level 4 in Axes
  3125 | D:4      | Killed a water moccasin
  3126 | D:4      | Reached skill level 1 in Stealth
  3126 | D:4      | Reached XP level 6. HP: 23/37 MP: 6/6
  3291 | D:5      | Entered Level 5 of the Dungeon
  3291 | D:5      | Noticed an ice beast
  3303 | D:4      | Killed an ice beast
  3536 | D:5      | Noticed a black bear
  3558 | D:5      | Killed a black bear
  3559 | D:5      | Reached skill level 5 in Axes
  3559 | D:5      | Reached XP level 7. HP: 20/42 MP: 7/7
  4523 | D:6      | Noticed Sigmund
  4532 | D:5      | Reached skill level 6 in Axes
  4642 | D:5      | Found a staircase to the Ecumenical Temple.
  4653 | Temple   | Entered the Ecumenical Temple
  4801 | D:5      | Found a stormy altar of Qazlal.
  4808 | D:5      | Became a worshipper of Qazlal Stormbringer
  5007 | D:5      | Reached XP level 8. HP: 47/48 MP: 8/8
  5075 | D:5      | Found a basalt altar of Yredelemnul.
  5076 | D:5      | Found an opulent altar of Gozag.
  5245 | D:5      | Identified a scroll of acquirement
  5245 | D:5      | Acquired a manual of Throwing
  5449 | D:6      | Reached skill level 1 in Invocations
  5477 | D:6      | Reached skill level 1 in Evocations
  5665 | D:6      | Killed Sigmund
  5725 | D:6      | Reached skill level 5 in Fighting
  5794 | D:6      | Reached XP level 9. HP: 51/54 MP: 10/10
  5857 | D:7      | Reached skill level 7 in Axes
  6058 | D:6      | Reached * piety under Qazlal
  7033 | D:7      | Found a runed translucent gate.
  7033 | D:7      | Found a runed translucent gate.
  7033 | D:7      | Found a runed translucent gate.
  7033 | D:7      | Noticed valliere's ghost (novice OpTm)
  7226 | D:8      | Reached skill level 5 in Armour
  7495 | D:8      | Reached ** piety under Qazlal
  7496 | D:8      | Reached skill level 5 in Throwing
  7752 | D:8      | Noticed a two-headed ogre
  7760 | D:8      | Killed a two-headed ogre
  7761 | D:8      | Reached skill level 8 in Axes
  7761 | D:8      | Reached XP level 10. HP: 47/60 MP: 13/13
  8130 | D:7      | Killed valliere's ghost
  8131 | D:7      | Reached skill level 5 in Invocations
  8253 | D:9      | Noticed a centaur warrior
  8381 | D:8      | Killed a centaur warrior
  8393 | D:8      | Killed from afar by a meliai

Illustrated notes

Levels and vault maps discovered:
D:1:      ebering_hopf_link, layout_loops_ring, shapermc_ecumenical_altar_ellora
D:2:      layout_basic, uniq_robin
D:3:      layout_loops_ring, nicolae_sif_muna_condensation,
          lightli_sewer_entry_pipes, dk_noncrumbling_4, feat_on_display
D:4:      cheibrodos_greedy_goblins, layout_basic
D:5:      layout_cave_pods, marbit_many_paths, gammafunk_temple_overflow_pools,
          minmay_temple_entry_glassed_door, dk_vineyard_1
D:6:      layout_basic, uniq_sigmund
D:7:      layout_rooms, gammafunk_ghost_split
D:8:      layout_gridville
D:9:      minmay_bloctagon_deflated, layout_loops_ring, lemuel_doored_altar,
          overflow_temple_1_default, lightli_temple_of_fire
Temple:   nicolae_temple_ecumenical_triangle

Skill      XL: |  1  2  3  4  5  6  7  8  9 10 |
---------------+-------------------------------+-----
Axes           | 3 4 5 6 8 |  8.4
Armour         | 1 2 3 4 5 |  5.4
Throwing       | 2 3 5 6 |  6.0
Shields        | 1 2 3 4 |  4.2
Fighting       | 3 4 5 6 |  6.5
Dodging        | 3 |  3.1
Stealth        | 1 |  1.9
Invocations    | 2 4 5 |  5.2
Evocations     | 2 3 |  3.9

Action                   |  1- 3 |  4- 6 |  7- 9 | 10-12 || total
-------------------------+-------+-------+-------+-------++-------
Melee: War axe           |    95 |   162 |   334 |    30 ||   621
Throw: Javelin           |     2 |     1 |     1 |       ||     4
       Dart              |     6 |       |       |       ||     6
       Boomerang         |       |     5 |    13 |       ||    18
Evoke: Wand              |       |       |       |     2 ||     2
  Use: Scroll            |       |    10 |     8 |     1 ||    19
       Potion            |       |     3 |     3 |       ||     6
 Stab: Sleeping          |     1 |       |       |       ||     1
       Invisible         |       |     4 |       |       ||     4
Armor: Leather armour    |    24 |       |       |       ||    24
       Chain mail        |    41 |    37 |       |       ||    78
       Plate armour      |       |    86 |   235 |    34 ||   355
Dodge: Dodged            |    62 |    78 |   117 |     9 ||   266
Block: Buckler           |    11 |    41 |   116 |    14 ||   182

Table legend: (Time is in decaauts)
 A = Elapsed time spent in this place.
 B = Non-inter-level travel time spent in this place.
 C = Inter-level travel time spent in this place.
 D = Time resting spent in this place.
 E = Time spent auto-exploring this place.
 F = Levels seen in this place.
 G = Mean time per level.
                   A        B        C        D        E       F      G
               +--------+--------+--------+--------+--------+-----+--------+
         Total |   8648 |   8415 |    233 |    770 |   4439 |  10 |  864.8 |
       Dungeon |   8569 |   8336 |    233 |    770 |   4439 |   9 |  952.1 |
        Temple |     78 |     78 |      0 |      0 |      0 |   1 |   78.0 |
               +--------+--------+--------+--------+--------+-----+--------+

Top non-repeatable levels by time:
     D:1: 1631 daAuts
     D:4: 1217 daAuts
     D:8: 1171 daAuts
     D:6: 1135 daAuts
     D:5: 1003 daAuts
     D:3: 990 daAuts
     D:7: 846 daAuts
     D:2: 542 daAuts
  Temple: 78 daAuts
     D:9: 31 daAuts
